 Dungeon Crawl Stone Soup version 0.24.1-14-gf8d2b509d9 (webtiles) character file.

Game seed: 1997842052880385231, levelgen mode: deterministic

65 Hugehornet the Sneak (level 4, -1/24 HPs)
             Began as an Octopode Enchanter on May 19, 2020.
             Slain by an adder (4 damage)
             ... on level 3 of the Dungeon.
             The game lasted 00:03:05 (2361 turns).

Hugehornet the Sneak (Octopode Enchanter)           Turns: 2361, Time: 00:03:05

Health: -1/24      AC:  2    Str:  9    XL:     4   Next: 13%
Magic:  7/7        EV: 13    Int: 18    God:
Gold:   100        SH:  0    Dex: 12    Spells: 1/7 levels left

rFire    . . .     SeeInvis .   a - +1 dagger
rCold    . . .     Gourm    .   (no shield)
rNeg     . . .     Faith    .   (helmet restricted)
rPois    +         Spirit   .   (no amulet)
rElec    .         Reflect  .   (no ring)
rCorr    .         Harm     .   (no ring)
MR       .....                  (no ring)
Stlth    ++++......             (no ring)
HPRegen  0.08/turn              (no ring)
MPRegen  0.10/turn              (no ring)
                                (no ring)
                                (no ring)

@: lethally poisoned (-1 -> -4)
A: almost no armour, stealthy swim, amphibious, 8 rings, constrict 8, camouflage
1, frail 1, poison resistance, shaggy fur 1, strong 1, gelatinous body 1,
evolution 1
a: no special abilities


You were on level 3 of the Dungeon.
You were not hungry.

You visited 1 branch of the dungeon, and saw 3 of its levels.

You collected 100 gold pieces.

Inventory:

Hand Weapons
 a - a +1 dagger (weapon)
Jewellery
 k - an uncursed ring of flight {unknown}
Scrolls
 d - 2 scrolls of identify
 l - a scroll of remove curse {unknown}
 m - 2 scrolls of magic mapping {unknown}
 n - a scroll of noise {unknown}
Potions
 b - a potion of ambrosia {unknown}
 e - a potion of berserk rage {unknown}
 f - a potion of curing {unknown}
 g - 2 potions of agility {unknown}
 h - 2 potions of cancellation
 i - a potion of brilliance {unknown}
 j - 2 potions of heal wounds {unknown}
 o - a potion of flight {unknown}
Comestibles
 c - 8 rations


   Skills:
 - Level 1.0 Short Blades
 - Level 2.0 Dodging
 * Level 6.1 Stealth
 - Level 2.0 Spellcasting
 + Level 3.6 Hexes


You had one spell level left.
You knew the following spells:

 Your Spells              Type           Power        Failure   Level  Hunger
a - Ensorcelled Hibernat  Hex/Ice        #.....       13%         2    ###....
b - Confuse               Hex            ###.....     12%         3    ###....
c - Corona                Hex            ###....      4%          1    #......

Your spell library contained the following spells:

 Spells                   Type           Power        Failure   Level  Hunger
 Tukima's Dance           Hex            ###.....     12%         3    ###....
 Dazzling Spray           Conj/Hex       #.....       26%         3    ###....


Dungeon Overview and Level Annotations

Branches:
Dungeon (3/15)

Altars:
Dithmenos
Kikubaaqudgha
Qazlal


Innate Abilities, Weirdness & Mutations

You cannot wear most types of armour.
You are very stealthy in the water. (Stealth+)
You are amphibious.
You can wear up to eight rings at the same time.
You can use your tentacles to constrict eight enemies at once.
Your skin changes colour to match your surroundings (Stealth+).
Your rubbery body absorbs attacks. (AC +1, EV +1)
You are frail. (-10% HP)
Your system is resistant to poisons. (rPois)
You are covered in fur. (AC +1)
Your muscles are strong. (Str +2)
You evolve.


Message History

You constrict the adder.
You kill the adder!
Your Stealth skill increases to level 6!
You have reached level 4!
You feel sick. The adder barely misses you. The adder closely misses you.
You feel sick. The adder bites you.
You are too injured to fight recklessly!
You are too injured to fight recklessly!
You hit the adder. Your grab misses the adder. Your squeeze misses the adder.
The adder is lightly wounded.
The adder bites you.
* * * LOW HITPOINT WARNING * * *
The adder bites you.
* * * LOW HITPOINT WARNING * * *
You miss the adder. Your grab misses the adder.
The adder is lightly wounded.
* * * LOW HITPOINT WARNING * * *
You feel sick. The adder bites you.
You die...

.#. .. ###.# ....
#.. #..##
####...######
#.......S@..#
#.####.####.....#
### # ##.....##
..... #..
###.#.......#......
##.#
....#.......#.. ...
####...
#......_...... ..
+......
#..#.......#... .
####...
##.#.......#...
##.# # ##.....## ..
#..


You could see an adder.

Vanquished Creatures
  An adder (D:3)
  2 worms (D:2)
  3 dart slugs
  2 leopard geckos
  A giant cockroach (D:1)
  2 hobgoblins
  8 jackals
  2 quokkas
  5 bats
  2 frilled lizards (D:2)
  3 goblins
  5 kobolds
  5 rats
41 creatures vanquished.

Notes
Turn   | Place    | Note
-------+----------+-------------------------------------------
     0 | D:1      | Hugehornet the Octopode Enchanter began the quest for the
                  | Orb.
     0 | D:1      | Reached XP level 1. HP: 11/11 MP: 3/3
   225 | D:1      | Reached XP level 2. HP: 17/17 MP: 5/5
   369 | D:1      | Reached skill level 5 in Stealth
   773 | D:1      | Reached XP level 3. HP: 21/21 MP: 6/6
   961 | D:2      | Gained mutation: Your body sometimes deteriorates upon
                  | taking damage. [potion of mutation]
   961 | D:2      | Gained mutation: You evolve. [potion of mutation]
   962 | D:2      | Lost mutation: Your body sometimes deteriorates upon taking
                  | damage. [potion of mutation]
   962 | D:2      | Gained mutation: You possess an exceptional clarity of
                  | mind. [potion of mutation]
   962 | D:2      | Gained mutation: Your spells are a little harder to cast,
                  | but a little more powerful. [potion of mutation]
  1377 | D:2      | Found a shadowy altar of Dithmenos.
  1450 | D:2      | Lost mutation: Your spells are a little harder to cast, but
                  | a little more powerful. [potion of mutation]
  1450 | D:2      | Lost mutation: You possess an exceptional clarity of mind.
                  | [potion of mutation]
  1450 | D:2      | Gained mutation: You are frail. (-10% HP) [potion of
                  | mutation]
  1450 | D:2      | Gained mutation: Your muscles are strong. (Str +2) [potion
                  | of mutation]
  1450 | D:2      | Gained mutation: You are covered in fur. (AC +1) [potion of
                  | mutation]
  1450 | D:2      | Gained mutation: Your system is resistant to poisons.
                  | (rPois) [potion of mutation]
  1764 | D:2      | Found a shadowy altar of Dithmenos.
  1903 | D:3      | Learned a level 2 spell: Ensorcelled Hibernation
  1907 | D:3      | Learned a level 3 spell: Confuse
  2063 | D:3      | Found an ancient bone altar of Kikubaaqudgha.
  2340 | D:3      | Found a stormy altar of Qazlal.
  2356 | D:3      | Reached skill level 6 in Stealth
  2356 | D:3      | Reached XP level 4. HP: 14/24 MP: 7/7
  2361 | D:3      | Slain by an adder

Levels and vault maps discovered:
D:1:      sevenhm_arrival_forest_fort_small_3, layout_basic
D:2:      layout_rooms, old_standard_altar, first_ration, grunt_dithmenos_smoke
D:3:      layout_loops_corners, old_standard_altar, old_standard_altar

Skill      XL: |  1  2  3 |
---------------+----------+-----
Stealth        | 5 6 |  6.1
Short Blades   | |  1.0
Dodging        | |  2.0
Spellcasting   | |  2.0
Hexes          | |  3.6

Action                   |  1- 3 |  4- 6 || total
-------------------------+-------+-------++-------
Melee: Dagger            |    95 |     2 ||    97
       Constrict         |    21 |       ||    21
       Tentacles         |    18 |       ||    18
  Use: Potion            |     3 |       ||     3
       Scroll            |     2 |       ||     2
 Stab: Sleeping          |    16 |       ||    16
  Eat: Chunk             |     4 |       ||     4
Armor: Skin              |     9 |       ||     9
Dodge: Dodged            |    49 |     2 ||    51
